 Dungeon Crawl Stone Soup version 0.21.1-1-g345015f (webtiles) character file.

49 HammerPanzer the Slasher (level 3, -3/29 HPs)
             Began as a Demonspawn Berserker on Apr 3, 2018.
             Was a Believer of Trog.
             Slain by Robin
             ... wielding a +3 falchion of distortion
              (4 damage)
             ... on level 3 of the Dungeon.
             The game lasted 00:02:44 (1080 turns).

HammerPanzer the Slasher (Demonspawn Berserker)     Turns: 1080, Time: 00:02:45

Health: -3/29      AC:  8    Str: 18    XL:     3   Next: 53%
Magic:  3/3        EV: 11    Int:  8    God:    Trog [**....]
Gold:   93         SH:  3    Dex: 12    Spells: 2/2 levels left

rFire    . . .     SeeInvis .   a - +0 falchion
rCold    . . .     Gourm    .   (no shield)
rNeg     + . .     Faith    .   l - +0 ring mail
rPois    .         Spirit   .   (no helmet)
rElec    .         Reflect  +   (no cloak)
rCorr    +         Harm     .   (no gloves)
MR       .....                  (no boots)
Stlth    +.........             f - +3 amulet of reflection
HPRegen  0.09/turn              g - ring of positive energy
MPRegen  0.08/turn              j - ring of resist corrosion

@: berserk cooldown, slowed, very slow
A: thin metallic scales 2
a: Berserk, Trog's Hand, Burn Spellbooks, Renounce Religion


You were on level 3 of the Dungeon.
You worshipped Trog.
Trog was pleased with you.
You were near starving.

You visited 1 branch of the dungeon, and saw 3 of its levels.

You collected 93 gold pieces.

Inventory:

Hand Weapons
 a - a +0 falchion (weapon)
Missiles
 b - 3 tomahawks (quivered)
Armour
 l - a +0 ring mail (worn)
Jewellery
 f - a +3 amulet of reflection (around neck)
 g - a ring of positive energy (left hand)
 j - a ring of resist corrosion (right hand)
Scrolls
 e - a scroll of enchant weapon {unknown}
 h - a scroll of magic mapping {unknown}
 i - a scroll of identify {unknown}
Comestibles
 c - 4 rations
 d - 4 chunks of flesh


   Skills:
 + Level 3.5 Fighting
 * Level 3.7 Long Blades
 - Level 1.7 Armour
 - Level 1.7 Dodging


You had 2 spell levels left.
You didn't know any spells.

Dungeon Overview and Level Annotations

Branches:
Dungeon (3/15)

Altars:

Annotations:
D:3 Robin


Innate Abilities, Weirdness & Mutations

You are mostly covered in thin metallic scales. (AC +3)


Message History

* * * LOW HITPOINT WARNING * * *
The goblin misses you. Robin throws the goblin at you!
The goblin hits you but does no damage. The kobold barely misses you.
There is a stone staircase leading down here.
You can't go up here!
The goblin no longer looks unusually strong.
Robin roars a battlecry!
The goblin goes into a battle-frenzy!
The goblin hits you.
* * * LOW HITPOINT WARNING * * *
The kobold closely misses you. Robin throws the goblin at you!
The goblin closely misses you.
You climb downwards.
A rat comes into view.
Found a stone staircase leading down.
There is a stone staircase leading up here.
The kobold hits you but does no damage. Robin hits you but does no damage.
Space warps horribly around you!
You die...

..# ..# ...#
...#
.########...###
...............
.......Kg......
#.....@gr....>
##.#####...###
..# .# #


You could see Robin, a goblin, a kobold and a rat.

Vanquished Creatures
  An adder (D:2)
  A leopard gecko (D:1)
  2 bats (D:1)
  4 giant cockroaches (D:1)
  10 goblins
  8 hobgoblins
  A frilled lizard (D:1)
  4 kobolds (D:1)
  A rat (D:1)
32 creatures vanquished.

Vanquished Creatures (others)
  A kobold (D:1)
1 creature vanquished.

Grand Total: 33 creatures vanquished

Notes
Turn   | Place    | Note
-------+----------+-------------------------------------------
     0 | D:1      | HammerPanzer the Demonspawn Berserker began the quest for the Orb.
     0 | D:1      | Reached XP level 1. HP: 18/18 MP: 1/1
   119 | D:1      | Gained mutation: You are partially covered in thin metallic scales. (AC +2) [demonic ancestry]
   119 | D:1      | Reached XP level 2. HP: 7/24 MP: 2/2
  1045 | D:2      | Noticed Robin
  1052 | D:2      | Gained mutation: You are mostly covered in thin metallic scales. (AC +3) [demonic ancestry]
  1052 | D:2      | Reached XP level 3. HP: 26/29 MP: 3/3
  1066 | D:2      | Reached ** piety under Trog
  1078 | D:2      | HP: 1/29 [goblin[Robin] (3)]
  1080 | D:3      | Slain by Robin

Skill      XL: |  1 |
---------------+----+-----
Long Blades    | 3 |  3.7
Fighting       | |  3.5
Armour         | |  1.7
Dodging        | |  1.7

Action                   || total
-------------------------++-------
Melee: Falchion          ||    96
Invok: Berserk           ||     1
Armor: Leather armour    ||    14
       Animal skin       ||     1
       Ring mail         ||    17
Dodge: Dodged            ||    63
Block: Other             ||    14
       Rpst.: Falchion   ||    17
